 Dungeon Crawl Stone Soup version 0.29.1-1-gd02db6906a (webtiles) character file.

Game seed: 14239234540306410003

797 Kahsius the Digger (level 7, 0/39 HPs)
             Began as a Gargoyle Earth Elementalist on Oct 7, 2022.
             Was an Initiate of Vehumet.
             Shot with an arrow by a centaur (6 damage)
             ... on level 5 of the Dungeon.
             The game lasted 00:12:14 (4567 turns).

Kahsius the Digger (Gargoyle Earth Elementalist)    Turns: 4567, Time: 00:12:14

Health: 0/39       AC:  7    Str: 12    XL:     7   Next: 89%
Magic:  14/14      EV: 11    Int: 17    God:    Vehumet [......]
Gold:   204        SH:  3    Dex: 10    Spells: 10/16 levels left

rFire   + . .      SeeInvis .   D - staff of poison
rCold   + . .      Faith    .   g - +0 buckler
rNeg    + . .      Spirit   .   x - +0 robe {rC+ rF+}
rPois   ∞          Reflect  .   (no helmet)
rElec   +          Harm     .   (no cloak)
rCorr   .          Rampage  .   (no gloves)
Will    .....                   m - +0 pair of boots
Stlth   ++........              (no amulet)
HPRegen 0.13/turn               (no ring)
MPRegen 0.14/turn               (no ring)

@: hasted, very quick
A: sickness immunity, AC +4, negative energy resistance 1, electricity
resistance, torment resistance 1, petrification resistance
a: Renounce Religion


You were on level 5 of the Dungeon.
You worshipped Vehumet.
Vehumet was noncommittal.
You visited 2 branches of the dungeon, and saw 6 of its levels.

You collected 204 gold pieces.

Inventory:

Missiles
 w - a throwing net
Armour
 a - a +0 robe
 c - a +0 scale mail
 g - a +0 buckler (worn)
 m - a +0 pair of boots (worn)
 x - a +0 robe of resistance (worn)
 B - a +2 ring mail of willpower
Magical Staves
 D - a staff of poison (weapon)
Wands
 y - a wand of flame (7)
 C - a wand of charming (8)
Scrolls
 d - a scroll of summoning {unknown}
 e - 2 scrolls of noise {unknown}
 f - a scroll of teleportation {unknown}
 h - a scroll of butterflies {unknown}
 i - 4 scrolls of identify {unknown}
 l - 2 scrolls of immolation {unknown}
 o - a scroll of enchant armour {unknown}
 p - a scroll of blinking {unknown}
 s - a scroll of vulnerability {unknown}
 t - a scroll of enchant weapon {unknown}
 u - a scroll of fear {unknown}
 A - a scroll of poison {unknown}
Potions
 b - 4 potions of magic
 j - a potion of attraction {unknown}
 k - a potion of heal wounds {unknown}
 n - a potion of invisibility {unknown}
 q - 3 potions of haste
 r - a potion of brilliance {unknown}
 v - a potion of degeneration {unknown}
 z - a potion of resistance {unknown}


   Skills:
 + Level 1.7 Fighting
 - Level 1.5 Dodging
 - Level 2.1 Stealth
 + Level 5.2 Spellcasting
 - Level 2.7 Transmutations
 + Level 7.4 Earth Magic


You had 10 spell levels left.
You knew the following spells:

 Your Spells              Type           Power      Damage    Failure   Level
a - Sandblast             Erth           58%        2d13      1%          1
b - Passwall              Tmut/Erth      17%        N/A       3%          2
c - Stone Arrow           Conj/Erth      34%        3d9       12%         3

Your spell library contained the following spells:

 Spells                   Type           Power      Damage    Failure   Level
 Magic Dart               Conj           16%        1d3       19%         1
 Petrify                  Tmut/Erth      21%        N/A       24%         4
 Call Imp                 Summ           4%         N/A       28%         2
 Mephitic Cloud           Conj/Pois/Air  6%         N/A       50%         3
 Portal Projectile        Hex/Tloc       8%         N/A       50%         3
 Tukima's Dance           Hex            4%         N/A       50%         3
 Blade Hands              Tmut           6%         N/A       86%         5
 Corpse Rot               Necr/Pois/Air  6%         N/A       88%         4
 Dispel Undead            Necr           4%         3d7       88%         4
 Death Channel            Necr           2%         N/A       100%        6


Dungeon Overview and Level Annotations

Branches:
Dungeon (5/15)             Temple (1/1) D:4

Altars:
Ashenzari
Cheibriados
Dithmenos
Elyvilon
Fedhas
Gozag
Hepliaklqana
Kikubaaqudgha
Makhleb
Nemelex Xobeh
Okawaru
Qazlal
Ru
Sif Muna
Trog
Uskayaw
Vehumet
Wu Jian
Xom
Yredelemnul
Zin
The Shining One


Innate Abilities, Weirdness & Mutations

You are immune to sickness and miasma.
Your stone body is resilient. (AC +4)
You are immune to poison.
You resist negative energy. (rN+)
You are resistant to electric shocks. (rElec)
You are resistant to unholy torment.
You are immune to petrification.


Message History

You climb downwards.
There is a stone staircase leading up here.
There is a stone staircase leading down here.
You climb downwards.
There is a stone staircase leading up here.
There is a stone staircase leading down here.
You climb downwards.
Found a scroll labelled EMALIM ZIPP.
Found a stone staircase leading up.
There is a stone staircase leading up here.
The blast of sand hits the white imp.
The white imp is lightly wounded.
The white imp gestures at you.
The puff of frost hits you but does no damage.
You resist.
The blast of sand hits the white imp!
You kill the white imp!
Vehumet accepts your kill.
Magic restored.
A centaur comes into view.
The centaur shouts!
The centaur wields a +0 shortbow.
The centaur shoots an arrow.
The arrow hits you.
You see here a scroll labelled EMALIM ZIPP.
The centaur shoots an arrow.
The arrow hits you!
You are too injured to fight recklessly!
You are too injured to fight recklessly!
The centaur shoots an arrow.
The arrow hits you.
The centaur shoots an arrow.
You block the arrow.
The centaur shoots an arrow.
The arrow hits you!
Found 12 gold pieces.
The centaur shoots an arrow.
The arrow closely misses you.
The centaur shoots an arrow.
The arrow barely misses you.
The centaur shoots an arrow.
The arrow hits you.
* * * LOW HITPOINT WARNING * * *
It was a potion of haste.
You feel yourself speed up.
The centaur shoots an arrow.
The arrow hits you.
* * * LOW HITPOINT WARNING * * *
A centaur is nearby!
Found 18 gold pieces.
The centaur shoots an arrow.
The arrow hits you.
You die...

#..........#
###..........#
......c....##
#.........<#
#..........#
#..........#
##..........#
##.....?.....#
#.@#....<...##
#....###.......#
#....$ #######.#
#...... ...
#...... ##..
#...... #
##...$. ......


You could see a centaur.

Vanquished Creatures
  Grinder (D:4)
  2 ogres (D:4)
  A scorpion (D:4)
  3 hounds
  Natasha (twice) (D:4)
  An iguana (D:4)
  Ijyb (D:4)
  An orc wizard (D:3)
  5 adders
  3 gnolls (D:4)
  A white imp (D:5)
  A worm (D:2)
  2 dart slugs
  4 orcs (D:3)
  8 ball pythons
  4 bats
  3 endoplasms
  4 giant cockroaches
  7 goblins
  2 hobgoblins
  6 kobolds
  A quokka (D:2)
  2 frilled lizards (D:3)
  6 rats
71 creatures vanquished.

Notes
Turn   | Place    | Note
-------+----------+-------------------------------------------
     0 | D:1      | Kahsius the Gargoyle Earth Elementalist began the quest for
                  | the Orb.
     0 | D:1      | Reached XP level 1. HP: 10/10 MP: 3/3
   524 | D:1      | Reached skill level 1 in Transmutations
   524 | D:1      | Reached XP level 2. HP: 15/15 MP: 3/5
   594 | D:1      | Reached skill level 4 in Earth Magic
  1123 | D:2      | Found a glowing golden altar of the Shining One.
  1142 | D:2      | Reached XP level 3. HP: 15/19 MP: 2/6
  1758 | D:2      | Learned a level 2 spell: Passwall
  1903 | D:3      | Reached XP level 4. HP: 21/24 MP: 3/8
  2440 | D:3      | Found an opulent altar of Gozag.
  2477 | D:3      | Found a glowing silver altar of Zin.
  2570 | D:3      | Reached skill level 5 in Earth Magic
  2570 | D:3      | Reached XP level 5. HP: 23/28 MP: 5/9
  2926 | D:3      | Found a faded altar of an unknown god.
  3259 | D:4      | Noticed an ogre
  3264 | D:4      | Killed an ogre
  3347 | D:4      | Reached XP level 6. HP: 32/32 MP: 8/11
  3401 | D:4      | Noticed Grinder
  3401 | D:4      | Paralysed by Grinder for 3 turns
  3405 | D:4      | Paralysed by Grinder for 3 turns
  3414 | D:4      | Paralysed by Grinder for 3 turns
  3419 | D:4      | Killed Grinder
  3420 | D:4      | Reached skill level 6 in Earth Magic
  3420 | D:4      | Reached XP level 7. HP: 33/36 MP: 6/13
  3532 | D:4      | Found a staircase to the Ecumenical Temple.
  3545 | D:4      | Noticed Natasha
  3547 | Temple   | Entered the Ecumenical Temple
  3652 | Temple   | Became a worshipper of Vehumet
  3674 | D:4      | Killed Natasha
  3902 | D:4      | Learned a level 3 spell: Stone Arrow
  3966 | D:4      | Found a white marble altar of Elyvilon.
  3972 | D:4      | Found a shimmering altar of Xom.
  3972 | D:4      | Found a shimmering blue altar of Sif Muna.
  3974 | D:4      | Found a broken altar of Ashenzari.
  4039 | D:4      | Noticed Ijyb
  4047 | D:4      | Killed Ijyb
  4048 | D:4      | Reached skill level 7 in Earth Magic
  4199 | D:4      | Reached skill level 5 in Spellcasting
  4284 | D:4      | Reached skill level 1 in Fighting
  4374 | D:4      | Noticed Natasha
  4379 | D:4      | Killed Natasha
  4545 | D:5      | Entered Level 5 of the Dungeon
  4567 | D:5      | Shot with an arrow by a centaur

Illustrated notes

Levels and vault maps discovered:
D:1:      lightli_molten_gateway, layout_loops_ring
D:2:      layout_loops_ring, basic_altar
D:3:      layout_basic, pdpol_temple_overflow_zin_treasury_gozag_greed,
          dilly_ecumenical_altar_fadedgnrine
D:4:      layout_gridville, mainiacjoe_overflow_alcove_3, temple_fountains,
          serial_glass, glass_columns_b, glass_columns_b, glass_columns_a,
          glass_columns_c, glass_columns_b, glass_columns_c, glass_columns_b,
          glass_columns_c, glass_columns_b, glass_columns_a, glass_columns_b,
          glass_columns_b, glass_columns_a, glass_columns_c,
          due_unseen_surprise, feat_on_display, item_on_display_a,
          feat_on_display, uniq_ijyb, uniq_natasha, uniq_grinder
D:5:      layout_rooms, chequers_hall_statues_wall_a,
          nicolae_concentric_dashed_squares_wild
Temple:   nicolae_temple_superstar

Skill      XL: |  1  2  3  4  5  6  7 |
---------------+----------------------+-----
Transmutations | 1 2 |  2.7
Earth Magic    | 4 5 6 7 |  7.4
Spellcasting   | 3 4 5 |  5.2
Fighting       | 1 |  1.7
Dodging        | |  1.5
Stealth        | |  2.1

Action                   |  1- 3 |  4- 6 |  7- 9 || total
-------------------------+-------+-------+-------++-------
Melee: Unarmed           |       |     7 |       ||     7
 Cast: Sandblast         |    39 |    42 |    40 ||   121
Evoke: Wand              |       |     1 |       ||     1
  Use: Potion            |       |       |     1 ||     1
Armor: Scale mail        |     1 |    11 |     2 ||    14
       Robe              |       |       |     3 ||     3
Dodge: Dodged            |     5 |     1 |     7 ||    13
Block: Buckler           |     1 |     2 |     3 ||     6
